 Dungeon Crawl Stone Soup version 0.29-a0-284-gf9362112df (webtiles) character file.

Game seed: 9320691466404817427

106 horus123 the Magician (level 4, -4/24 HPs)
             Began as a Deep Elf Conjurer on Mar 16, 2022.
             Killed from afar by an orc wizard (10 damage)
             ... with a puff of flame
             ... on level 3 of the Dungeon.
             The game lasted 00:02:32 (2540 turns).

horus123 the Magician (Deep Elf Conjurer)           Turns: 2540, Time: 00:02:32

Health: -4/24      AC:  2    Str:  4    XL:     4   Next: 55%
Magic:  11/14      EV: 12    Int: 25    God:
Gold:   133        SH:  0    Dex: 13    Spells: 13/16 levels left

rFire   . . .      SeeInvis .   (no weapon)
rCold   . . .      Faith    .   (no shield)
rNeg    . . .      Spirit   .   a - +0 robe
rPois   .          Reflect  .   (no helmet)
rElec   .          Harm     .   (no cloak)
rCorr   .          Rampage  .   (no gloves)
Will    .....                   (no boots)
Stlth   ++........              (no amulet)
HPRegen 0.08/turn               (no ring)
MPRegen 0.14/turn               (no ring)

@: no status effects
A: no striking features
a: no special abilities


You were on level 3 of the Dungeon.
You visited 1 branch of the dungeon, and saw 3 of its levels.

You collected 133 gold pieces.

Inventory:

Armour
 a - a +0 robe (worn)
Scrolls
 e - 2 scrolls of teleportation
 h - a scroll of noise {unknown}
Potions
 b - a potion of magic
 c - a potion of ambrosia {unknown}
 d - 2 potions of heal wounds
 f - 2 potions of curing
 g - a potion of invisibility {unknown}
 i - a potion of degeneration {unknown}


   Skills:
 - Level 2.4 Dodging
 - Level 2.4 Stealth
 + Level 6.6 Spellcasting
 - Level 4.3 Conjurations


You had 13 spell levels left.
You knew the following spells:

 Your Spells              Type           Power      Damage    Failure   Level
a - Magic Dart            Conj           100%       1d8       1%          1
b - Searing Ray           Conj           60%        2d6       1%          2

Your spell library contained the following spells:

 Spells                   Type           Power      Damage    Failure   Level
 Dazzling Flash           Conj/Hex       38%        N/A       9%          3
 Fulminant Prism          Conj/Hex       9%         3d7       28%         4
 Iskenderun's Mystic Bla  Conj/Tloc      19%        2d6       28%         4


Dungeon Overview and Level Annotations

Branches:
Dungeon (3/15)

Altars:


Message History

The orc wizard hits you with a +0 dagger.
The orc wizard hits you but does no damage.
In your confused state, you trip and fall back down the stairs.
The orc wizard hits you with a +0 dagger.
Unknown command.
The orc wizard completely misses you.
A rat comes into view.
The orc wizard barely misses you.
You feel less confused.
The orc wizard attacks as you move away!
The orc wizard hits you but does no damage.
The orc wizard attacks as you move away!
The orc wizard hits you but does no damage.
The orc wizard gestures at you while chanting.
You are confused.
You bump into the rock wall.
The orc wizard points at you and mumbles some strange words.
You resist with some effort.
You're too confused to move!
The orc wizard attacks as you move away!
The orc wizard closely misses you.
You miss the orc wizard.
The orc wizard is heavily wounded.
The orc wizard mumbles some strange words.
The orc wizard flickers and vanishes!
Deactivating autopickup; reactivate with Ctrl-A.
You bump into the rock wall.
You feel less confused. Something hits you.
* * * LOW HITPOINT WARNING * * *
Aiming: Searing Ray (safe; 1% risk of failure)
Press: ? - help, Q - select action, (/) - cycle Shift-Dir - straight line, f - rat
Aim: a rat (79% to hit)
The searing ray hits something.
The searing ray hits the rat.
You kill the rat! (Press . to maintain the ray.)
You hear some strange, mumbled words.
A puff of flame appears from out of thin air!
The puff of flame hits you!
You die...

#.######...........# #....#..
##.##...............# #....#.#
#.....####..........###....#.# .
##.#.#####............##......#
..#..#.####..#.............>..###
.......#...................#.####
.............########.#..#.#.###.
...>..##.....######..............
......#..<(..†.{@............####
.....[......####.............#
######.#....#....##....(.....#
#.#....#.#####..........#
........ #..........# ...#....##
########.#.#### ...#######
#......... .# #.........
#.........


There were no monsters in sight!

Vanquished Creatures
  An orc wizard (D:2)
  3 adders
  2 dart slugs (D:1)
  3 orcs (D:2)
  4 bats
  8 endoplasms
  2 giant cockroaches (D:1)
  4 goblins
  4 hobgoblins
  2 quokkas (D:1)
  5 ball pythons
  4 kobolds
  3 rats
45 creatures vanquished.

Notes
Turn   | Place    | Note
-------+----------+-------------------------------------------
     0 | D:1      | horus123 the Deep Elf Conjurer began the quest for the Orb.
     0 | D:1      | Reached XP level 1. HP: 10/10 MP: 6/6
   201 | D:1      | Reached skill level 4 in Spellcasting
   201 | D:1      | Reached XP level 2. HP: 12/15 MP: 5/9
   480 | D:1      | Learned a level 2 spell: Searing Ray
   517 | D:1      | Found a faded altar of an unknown god.
  1086 | D:2      | Reached XP level 3. HP: 19/19 MP: 9/11
  1108 | D:2      | Reached skill level 5 in Spellcasting
  1994 | D:3      | Reached skill level 6 in Spellcasting
  1994 | D:3      | Reached XP level 4. HP: 24/24 MP: 8/14
  2540 | D:3      | Killed from afar by an orc wizard

Illustrated notes

Levels and vault maps discovered:
D:1:      tarquinn_simple_flora_water_e, layout_basic,
          hellmonk_ecumenical_altar_blasted
D:2:      minmay_alternating_diamond, layout_loops_ring, minmay_tetromino_o2
D:3:      layout_rooms, st_stairs_5, minivault_4, kennysheep_generic_room_3

Skill      XL: |  1  2  3 |
---------------+----------+-----
Spellcasting   | 4 6 |  6.6
Dodging        | |  2.4
Stealth        | |  2.4
Conjurations   | |  4.3

Action                   |  1- 3 |  4- 6 || total
-------------------------+-------+-------++-------
Melee: Unarmed           |       |     1 ||     1
 Cast: Magic Dart        |    81 |     9 ||    90
       Searing Ray       |     1 |     4 ||     5
  Use: Scroll            |     3 |       ||     3
Armor: Robe              |     2 |     5 ||     7
Dodge: Dodged            |     2 |    12 ||    14

Table legend: (Time is in decaauts)
 A = Elapsed time spent in this place.
 B = Non-inter-level travel time spent in this place.
 C = Inter-level travel time spent in this place.
 D = Time resting spent in this place.
 E = Time spent auto-exploring this place.
 F = Levels seen in this place.
 G = Mean time per level.
                   A        B        C        D        E       F      G
               +--------+--------+--------+--------+--------+-----+--------+
         Total |   2542 |   2516 |     26 |    446 |   1840 |   3 |  847.3 |
       Dungeon |   2542 |   2516 |     26 |    446 |   1840 |   3 |  847.3 |
               +--------+--------+--------+--------+--------+-----+--------+

Top non-repeatable levels by time:
     D:2: 1274 daAuts
     D:1: 1024 daAuts
     D:3: 244 daAuts
